 Dungeon Crawl Stone Soup version 0.31-a0-968-g24f9ace8b5 (webtiles) character file.

Game seed: 17047823033897273064

6 sammy202020 the Trooper (level 1, -1/14 HPs)
             Began as a Gargoyle Berserker on Oct 28, 2023.
             Was a Follower of Trog.
             Slain by a kobold
             ... wielding a +0 short sword
              (3 damage)
             ... on level 1 of the Dungeon.
             The game lasted 00:00:35 (117 turns).

sammy202020 the Trooper (Gargoyle Berserker)         Turns: 117, Time: 00:00:36

Health: -1/14      AC:  5    Str: 26    XL:     1   Next: 90%
Magic:  1/1        EV: 11    Int:  7    God:    Trog [*.....]
Gold:   8          SH:  0    Dex:  9    Spells: 0/0 levels left

rFire   . . .        c - +0 flail
rCold   . . .        (no shield)
rNeg    + . .        d - +0 leather armour
rPois   ∞            (no helmet)
rElec   +            (no cloak)
rCorr   .            (no gloves)
SInv    .            (no boots)
Will    .....        (no amulet)
Stlth   +            b - +6 ring of strength
HPRegen 0.22/turn    (no ring)
MPRegen 0.07/turn

%: no passive effects
@: no status effects
A: sickness immunity, AC +2, negative energy resistance 1, electricity
resistance, torment resistance 1, petrification resistance
a: Renounce Religion, Berserk


You were on level 1 of the Dungeon.
You worshipped Trog.
Trog was aware of your devotion.
You visited 1 branch of the dungeon, and saw 1 of its levels.

You collected 8 gold pieces.

Inventory:

Hand Weapons
 a - a +0 mace
 c - a +0 flail (weapon)
Armour
 d - a +0 leather armour (worn)
Jewellery
 b - a +6 ring of strength (left hand)
Scrolls
 e - 2 scrolls of enchant weapon {unknown}


   Skills:
 * Level 3.4 Fighting
 * Level 3.1 Maces & Flails
 * Level 2.4 Armour
 + Level 1.6 Dodging


You couldn't memorise any spells.
You didn't know any spells.
Your spell library was empty.

Dungeon Overview and Level Annotations

Branches:
Dungeon (1/15)

Altars:


Innate Abilities, Weirdness & Mutations

You are immune to sickness and miasma.
Your stone body is resilient. (AC +2)
You are immune to poison.
You resist negative energy. (rN+)
You are resistant to electric shocks. (rElec)
You are resistant to unholy torment.
You are immune to petrification.


Message History

A nearby plant withers and dies.
The ball python misses you. The ball python constricts you.
The ball python closely misses you. The ball python constricts you.
You barely miss the ball python.
The ball python is heavily wounded.
A jackal comes into view.
The ball python bites you but does no damage.
The ball python constricts you.
The jackal barks!
You sock the ball python!
You kill the ball python!
Trog accepts your kill. The jackal closely misses you.
You barely miss the jackal. The jackal closely misses you.
The jackal misses you.
You hit the jackal.
You kill the jackal!
Trog accepts your kill.
A rat comes into view.
The jackal closely misses you.
You sock the jackal!
You kill the jackal!
Trog accepts your kill.
The kobold hits you with a +0 short sword.
You barely miss the jackal.
The jackal bites you but does no damage.
The kobold hits you but does no damage.
The jackal bites you but does no damage.
You closely miss the jackal. The jackal bites you.
The kobold hits you but does no damage. The jackal barely misses you.
The kobold barely misses you.
You closely miss the jackal.
The jackal bites you but does no damage.
The jackal bites you.
The kobold hits you with a +0 short sword.
* * * LOW HITPOINT WARNING * * *
You barely miss the kobold.
The jackal bites you but does no damage.
The kobold hits you with a +0 short sword.
You die...

....# .... #...
#.. #.. #r#
#h## #@.# ##.
#K.# ....
####..### .....
#.......##...K.
#.......#PPPP!.
#........~P~~~.
#.......P~~~♣~
#.......P♣♣♣♣
#####....).~~~♣


You could see a jackal, a kobold and a rat.

Vanquished Creatures
  A ball python (D:1)
  An endoplasm (D:1)
  2 jackals (D:1)
  A kobold (D:1)
5 creatures vanquished.

Notes
Turn   | Place    | Note
-------+----------+-------------------------------------------
     0 | D:1      | sammy202020 the Gargoyle Berserker began the quest for the
                  | Orb.
     0 | D:1      | Reached XP level 1. HP: 14/14 MP: 1/1
   117 | D:1      | Slain by a kobold

Illustrated notes

Levels and vault maps discovered:
D:1:      eino_arrival_cavern_b, layout_rooms,
          hellmonk_ecumenical_altar_arch_garden, serial_bayou_pond_c

Action                     || total
---------------------------++-------
  Melee: Flail             ||    15
         Mace              ||     1
         Punch             ||     1
 Armour: Leather armour    ||    17
         Animal skin       ||     1
  Dodge: Dodged            ||     9

Table legend: (Time is in decaauts)
 A = Elapsed time spent in this place.
 B = Non-inter-level travel time spent in this place.
 C = Inter-level travel time spent in this place.
 D = Time resting spent in this place.
 E = Time spent auto-exploring this place.
 F = Levels seen in this place.
 G = Mean time per level.
                   A        B        C        D        E       F      G
               +--------+--------+--------+--------+--------+-----+--------+
         Total |    120 |    120 |      0 |      0 |     54 |   1 |  120.0 |
       Dungeon |    120 |    120 |      0 |      0 |     54 |   1 |  120.0 |
               +--------+--------+--------+--------+--------+-----+--------+

Top non-repeatable levels by time:
     D:1: 120 daAuts
